 Dungeon Crawl Stone Soup version 0.28-a0-397-g1a7b1a870f (webtiles) character file.

Game seed: 6379546834783180953

53 Gargoyl the Skirmisher (level 3, -2/35 HPs)
             Began as a Gnoll Abyssal Knight on Sept 4, 2021.
             Was a Believer of Lugonu.
             Slain by a worm (6 damage)
             ... on level 2 of the Dungeon.
             The game lasted 00:02:28 (2111 turns).

Gargoyl the Skirmisher (Gnoll Abyssal Knight)       Turns: 2111, Time: 00:02:28

Health: -2/35      AC:  7    Str: 12    XL:     3   Next: 89%
Magic:  6/6        EV: 11    Int: 11    God:    Lugonu [**....]
Gold:   83         SH:  0    Dex: 11    Spells: 4/4 levels left

rFire   . . .      SeeInvis .   a - +1 hand axe
rCold   . . .      Faith    .   (no shield)
rNeg    . . .      Spirit   .   c - +0 ring mail
rPois   .          Reflect  .   (no helmet)
rElec   .          Harm     .   f - +0 cloak
rCorr   .          Rampage  .   (no gloves)
Will    .....                   (no boots)
Stlth   +.........              (no amulet)
HPRegen 0.11/turn               (no ring)
MPRegen 0.10/turn               (no ring)

@: no status effects
A: fangs 1, strong nose, distributed training
a: Renounce Religion, Depart the Abyss, Bend Space


You were on level 2 of the Dungeon.
You worshipped Lugonu.
Lugonu was pleased with you.
You visited 1 branch of the dungeon, and saw 2 of its levels.
You visited the Abyss 1 time.

You collected 83 gold pieces.

Inventory:

Hand Weapons
 a - a +1 hand axe (weapon)
Missiles
 b - 17 poisoned darts (quivered)
Armour
 c - a +0 ring mail (worn)
 f - a +0 cloak (worn)
Jewellery
 i - a ring of resist corrosion
Scrolls
 e - a scroll of magic mapping
 j - a scroll of teleportation {unknown}
Potions
 d - a potion of might
 g - a potion of attraction {unknown}
 h - a potion of cancellation {unknown}


   Skills:
 + Level 6.5 Fighting
 + Level 1.0 Short Blades
 + Level 1.0 Long Blades
 + Level 4.6 Axes
 + Level 1.0 Maces & Flails
 + Level 1.0 Polearms
 + Level 1.0 Staves
 + Level 1.0 Slings
 + Level 1.0 Bows
 + Level 1.0 Crossbows
 + Level 1.0 Throwing
 + Level 4.6 Armour
 + Level 2.6 Dodging
 + Level 1.0 Stealth
 + Level 1.0 Shields
 + Level 1.0 Unarmed Combat
 + Level 1.0 Spellcasting
 + Level 0.7 Conjurations
 + Level 0.7 Hexes
 + Level 0.7 Summonings
 + Level 0.7 Necromancy
 + Level 0.7 Translocations
 + Level 0.7 Transmutations
 + Level 0.7 Fire Magic
 + Level 0.7 Ice Magic
 + Level 0.7 Air Magic
 + Level 0.7 Earth Magic
 + Level 0.7 Poison Magic
 + Level 4.6 Invocations
 + Level 1.0 Evocations


You had 4 spell levels left.
You didn't know any spells.
Your spell library was empty.

Dungeon Overview and Level Annotations

Branches:
Dungeon (2/15)

Altars:
Ashenzari


Innate Abilities, Weirdness & Mutations

You have very sharp teeth.
Your uncanny sense of smell can sniff out nearby items.
Your experience applies equally to all skills.


Message History

The goblin completely misses you. The goblin barely misses you.
You closely miss the goblin.
The goblin is moderately wounded.
The goblin hits you with a +0 dagger.
You hit the goblin.
You kill the goblin!
Lugonu accepts your kill.
Unknown command.
Things that are here:
a +0 dagger; a goblin corpse Unknown command.
Found a hand crossbow.
A worm comes into view.
A worm is nearby!
The worm bites you!
You hit the worm but do no damage. The worm bites you.
You hit the worm.
The worm is lightly wounded.
You hit the worm but do no damage.
The worm is lightly wounded.
The worm bites you!
You hit the worm.
The worm is moderately wounded.
The worm misses you.
You hit the worm.
The worm is heavily wounded.
You hit the worm but do no damage.
The worm is heavily wounded.
The worm bites you.
* * * LOW HITPOINT WARNING * * *
You completely miss the worm. You bite the worm, but do no damage.
The worm is heavily wounded.
The worm bites you.
* * * LOW HITPOINT WARNING * * *
You hit the worm.
The worm is heavily wounded.
You slash the worm! You bite the worm, but do no damage.
The worm is almost dead.
The worm bites you.
You die...

....# #.#,#***,*** #........
##### #.#.# *,* #.......# ###.#.#
*,**## ######### #.....# *,,,.#
#..... ###.#.#########.# #.....
#...).####....#.# #.....
#.#.###....#..#.# #.....
*#.#........#.##w### #.....
#.....##.......@...# #.....
#.....##.####....#.#*** #.....
#.....##.# ######,,,,* #.....
#......#.# #######,,,,* ######
#......#.# #.....#,,,,*
*#......#.# #.###.#.****
,)......#.###.###.#.*
,*#######......##.#.########
,*#............##.#........######


You could see a worm.

Vanquished Creatures
  An adder (D:2)
  A dart slug (D:1)
  3 bats (D:1)
  3 endoplasms (D:1)
  2 giant cockroaches (D:2)
  4 goblins
  A hobgoblin (D:1)
  4 jackals (D:1)
  8 ball pythons
  3 frilled lizards
  4 kobolds
  6 rats
40 creatures vanquished.

Notes
Turn   | Place    | Note
-------+----------+-------------------------------------------
     0 | Abyss:1  | Gargoyl the Gnoll Abyssal Knight began the quest for the
                  | Orb.
     0 | Abyss:1  | Reached XP level 1. HP: 23/23 MP: 3/3
    91 | Abyss:1  | Noticed a large abomination
   211 | Abyss:2  | Noticed a thrashing horror
   213 | Abyss:2  | Noticed a thrashing horror
   214 | Abyss:2  | Noticed a thrashing horror
   215 | D:1      | Escaped the Abyss
   413 | D:1      | Reached * piety under Lugonu
   414 | D:1      | Reached XP level 2. HP: 13/29 MP: 5/5
   871 | D:1      | Found a faded altar of an unknown god.
  1080 | D:1      | Reached XP level 3. HP: 31/35 MP: 6/6
  1900 | D:2      | Found a broken altar of Ashenzari.
  1976 | D:2      | Reached skill level 1 in Short Blades
  1976 | D:2      | Reached skill level 1 in Long Blades
  1976 | D:2      | Reached skill level 1 in Maces & Flails
  1976 | D:2      | Reached skill level 1 in Polearms
  1976 | D:2      | Reached skill level 1 in Staves
  1976 | D:2      | Reached skill level 1 in Slings
  1976 | D:2      | Reached skill level 1 in Bows
  1976 | D:2      | Reached skill level 1 in Crossbows
  1976 | D:2      | Reached skill level 1 in Throwing
  1976 | D:2      | Reached skill level 1 in Stealth
  1976 | D:2      | Reached skill level 1 in Shields
  1976 | D:2      | Reached skill level 1 in Unarmed Combat
  1976 | D:2      | Reached skill level 1 in Spellcasting
  1976 | D:2      | Reached skill level 1 in Evocations
  1976 | D:2      | Reached ** piety under Lugonu
  2111 | D:2      | Slain by a worm

Illustrated notes

Levels and vault maps discovered:
D:1:      dpeg_arrival_court, layout_basic,
          chequers_ecumenical_altar_simple_redux, minmay_tall_x
D:2:      layout_basic, basic_altar

Skill      XL: |  1  2  3 |
---------------+----------+-----
Short Blades   | 1 |  1.0
Long Blades    | 1 |  1.0
Maces & Flails | 1 |  1.0
Polearms       | 1 |  1.0
Staves         | 1 |  1.0
Slings         | 1 |  1.0
Bows           | 1 |  1.0
Crossbows      | 1 |  1.0
Throwing       | 1 |  1.0
Stealth        | 1 |  1.0
Shields        | 1 |  1.0
Unarmed Combat | 1 |  1.0
Spellcasting   | 1 |  1.0
Evocations     | 1 |  1.0
Fighting       | |  6.5
Axes           | |  4.6
Armour         | |  4.6
Dodging        | |  2.6
Conjurations   | |  0.7
Hexes          | |  0.7
Summonings     | |  0.7
Necromancy     | |  0.7
Translocations | |  0.7
Transmutations | |  0.7
Fire Magic     | |  0.7
Ice Magic      | |  0.7
Air Magic      | |  0.7
Earth Magic    | |  0.7
Poison Magic   | |  0.7
Invocations    | |  4.6

Action                   || total
-------------------------++-------
Melee: Hand axe          ||   132
       Bite              ||     8
       Punch             ||     1
Invok: Depart the Abyss  ||     1
  Use: Scroll            ||     5
Armor: Ring mail         ||    62
Dodge: Dodged            ||    79

Table legend: (Time is in decaauts)
 A = Elapsed time spent in this place.
 B = Non-inter-level travel time spent in this place.
 C = Inter-level travel time spent in this place.
 D = Time resting spent in this place.
 E = Time spent auto-exploring this place.
 F = Levels seen in this place.
 G = Mean time per level.
                   A        B        C        D        E       F      G
               +--------+--------+--------+--------+--------+-----+--------+
         Total |   2120 |   2091 |     29 |    167 |   1506 |   4 |  530.0 |
       Dungeon |   1905 |   1876 |     29 |    167 |   1335 |   2 |  952.5 |
         Abyss |    214 |    214 |      0 |      0 |    171 |   2 |  107.0 |
               +--------+--------+--------+--------+--------+-----+--------+

Top non-repeatable levels by time:
     D:1: 1307 daAuts
     D:2: 597 daAuts
 Abyss:1: 110 daAuts
 Abyss:2: 104 daAuts
